 Dungeon Crawl Stone Soup version 0.19-a0-1168-g98094fc (webtiles) character file.

113 HaroldButt the Insei (level 4, -2/35 HPs)
             Began as a Draconian Transmuter on Aug 15, 2016.
             Slain by a scorpion (6 damage)
             ... on level 3 of the Dungeon.
             The game lasted 00:08:12 (2038 turns).

HaroldButt the Insei (Draconian Transmuter)         Turns: 2038, Time: 00:08:13

Health: -2/35      AC:  5    Str: 12    XL:     4   Next: 65%
Magic:  6/7        EV: 12    Int: 14    God:
Gold:   58         SH:  0    Dex: 12    Spells: 3 memorised, 0 levels left

rFire  . . .     SeeInvis .       - Unarmed
rCold  . . .     Gourm    .     (armour unavailable)
rNeg   . . .     Faith    .     (no shield)
rPois  .         Spirit   .     (helmet restricted)
rElec  .         Dismiss  .     (no cloak)
rCorr  .         Reflect  .     (no gloves)
MR     .....     Harm     .     (no boots)
Stlth  +.........               (no amulet)
                                (no ring)
                                (no ring)

@: lethally poisoned (-2 -> -18), flying, very slightly contaminated, hasted,
very quick
A: unfitting armour, cold-blooded, AC +5
a: no special abilities


You were on level 3 of the Dungeon.
You were not hungry.

You visited 1 branch of the dungeon, and saw 3 of its levels.

You collected 58 gold pieces.


Innate Abilities, Weirdness & Mutations

Your plain brown scales are hard. (AC +5)
Your body does not fit into most forms of armour.
You are cold-blooded and may be slowed by cold attacks.


   Skills:
 - Level 1.1 Fighting
 - Level 1.7 Dodging
 + Level 5.4 Unarmed Combat
 - Level 2.0 Spellcasting
 - Level 2.0 Transmutations


You couldn't memorise any spells.
You knew the following spells:

 Your Spells              Type           Power        Failure   Level  Hunger
x - Ice Form              Ice/Tmut       #.......     98%         4    #####..
z - Beastly Appendage     Tmut           #.....       12%         1    ##.....
Z - Sticks to Snakes      Tmut           #.......     17%         2    ###....

Inventory:

Hand Weapons
 p - a +0 blowgun
Missiles
 a - 38 arrows
 q - 12 poisoned needles
Scrolls
 h - 3 scrolls of remove curse
Potions
 f - a potion of curing {unknown}
 k - a potion of mutation {unknown}
 l - a potion of ambrosia
Books
 b - a book of Changes

   Spells                             Type                      Level
   a - Beastly Appendage              Transmutation                1
   b - Sticks to Snakes               Transmutation                2
   c - Spider Form                    Transmutation/Poison         3
   d - Ice Form                       Ice/Transmutation            4
   e - Blade Hands                    Transmutation                5
Comestibles
 c - 5 bread rations
 g - 3 chunks of flesh
 o - 4 fruits

Dungeon Overview and Level Annotations

Branches:
Dungeon (3/15)

Altars:
Dithmenos
Elyvilon
Gozag
Nemelex Xobeh
Okawaru
Xom
Zin

▒.▒▒.<▒ ▒ ▒?▒▒.)▒
.. ▒.▒▒..▒ ▒.
▒.▒▒..▒▒▒▒..
▒..▒▒▒.▒▒.......▒
▒......)...▒▒▒▒▒▒
▒.▒▒▒.........▒
▒.▒▒▒...▒▒..▒.▒
▒..ds.......▒ ▒
▒▒▒▒▒w..▒▒..▒
▒...▒▒..▒
▒.▒▒▒▒▒▒w▒.▒▒...
▒...........▒ ▒▒
...?...........▒
▒▒▒▒.▒▒▒....▒..▒
▒ ▒.▒▒...... ▒.▒
....▒.


You could see a worm and a scorpion.


Message History

The scorpion stings you.
You see here 11 gold pieces.
Cast which spell? (? or * to list)
You miscast Beastly Appendage.
You are very lightly contaminated with residual magic.
You smell something strange.
The scorpion stings you!
* * * LOW HITPOINT WARNING * * *
You are poisoned.
The scorpion poisons you!
You closely miss the scorpion.
Your tail-slap misses the scorpion.
The scorpion is moderately wounded.
You feel sick. The scorpion stings you!
* * * LOW HITPOINT WARNING * * *
You are more poisoned.
The scorpion poisons you!
It was a potion of haste.
You feel yourself speed up.
* * * LOW HITPOINT WARNING * * *
You feel sick. The scorpion barely misses you.
It was a potion of flight.
You feel very buoyant.
You fly up into the air.
* * * LOW HITPOINT WARNING * * *
You feel sick. The scorpion stings you.
You die...

Action                   |  1- 3 |  4- 6 || total
-------------------------+-------+-------++-------
Melee: Unarmed           |   118 |    53 ||   171
       Tailslap          |     9 |     4 ||    13
       Kick              |    11 |       ||    11
       Headbutt          |     3 |     1 ||     4
       Punch             |     3 |     2 ||     5
 Cast: Beastly Appendage |     8 |     1 ||     9
  Use: Scroll            |       |     8 ||     8
       Potion            |       |     2 ||     2
 Stab: Sleeping          |       |     1 ||     1
  Eat: Chunk             |     2 |     2 ||     4
Armor: Skin              |    31 |    11 ||    42
Dodge: Dodged            |    81 |    33 ||   114

Vault maps used:
D:1:      eino_arrival_druids_welcome
D:2:      lemuel_crystal_altar, minitemple, xom_teletrap_fun
D:3:      first_bread, uniq_sigmund

Notes
Turn   | Place    | Note
-------+----------+-------------------------------------------
     0 | D:1      | HaroldButt the Draconian Transmuter began the quest for the Orb.
     0 | D:1      | Reached XP level 1. HP: 16/16 MP: 3/3
   188 | D:1      | Reached XP level 2. HP: 17/23 MP: 5/5
   435 | D:1      | Reached skill level 4 in Unarmed Combat
   543 | D:1      | Learned a level 2 spell: Sticks to Snakes
   593 | D:1      | Reached XP level 3. HP: 28/28 MP: 6/6
   949 | D:2      | Found a shimmering altar of Xom.
  1312 | D:2      | Found a shadowy altar of Dithmenos.
  1315 | D:2      | Found a white marble altar of Elyvilon.
  1318 | D:2      | Found a glowing silver altar of Zin.
  1319 | D:2      | Found an iron altar of Okawaru.
  1320 | D:2      | Found an opulent altar of Gozag.
  1404 | D:2      | Found a sparkling altar of Nemelex Xobeh.
  1405 | D:2      | Reached XP level 4. HP: 35/35 MP: 7/7
  1446 | D:2      | Reached skill level 5 in Unarmed Combat
  1909 | D:2      | Learned a level 4 spell: Ice Form
  2038 | D:3      | Slain by a scorpion

Vanquished Creatures
  An orc priest (D:2)
  A gnoll (D:1)
  2 adders (D:2)
  2 worms (D:2)
  A dart slug (D:1)
  2 orcs
  A ball python (D:2)
  7 bats
  A giant cockroach (D:2)
  8 hobgoblins
  6 jackals
  2 quokkas (D:2)
  2 goblins (D:1)
  2 kobolds (D:2)
  8 rats
46 creatures vanquished.
